Unix NetHack Version 5.0.0-0 post-release - last build May 30 2026 05:04:26 (55804bc15828dd6e32e9076e0726aa6fccb6e981,branch:main).

Game began 2026-05-31 00:49:34, ended 2026-05-31 01:07:00.

DaveT, lawful male human Priest

                                                 -----      ------+--
 -----                           -----------     |..>.######........|
 |...+                           |.........|     |{.)|      |.......|
 |<..| #   --------             #%..*......|     |...|     #........|
 |....##   |......|           ###|.........|     ---|-      |.......|
 -----###  |......|           #  --------|--      ###       |.......|
      #    |.......#    ----- #          ##        #        ------.--
      #    ---|----#### |...| #          #         #              #
      #   #####       # |....##          #        ##              #
      #   #           ##....|            #        #               @
   ####   #             |...|            ####     #              # O
   #------.-----        -----           ----.-----|--
   #...........|                        |...........|
    |..........|                        |...........|
    |..........|                        |...<.......|
    ------------                        -------------

DaveT the Adept              St:13 Dx:10 Co:18 In:9 Wi:18 Ch:11  Lawful
Dlvl:8  $:125 HP:0(67) Pw:85(85) AC:1  Xp:7 T:3920  Satiated

Latest messages:
 There is a Green-elf corpse here; eat it? [ynq] (n) y
 This Green-elf corpse is stringy.
 You stop eating the Green-elf corpse.
 There is a partly eaten Green-elf corpse here; eat it? [ynq] (n) y
 You resume your meal.
 You stop eating the Green-elf corpse.
 The killer bee misses!
 You hit the killer bee.
 The killer bee misses!
 You kill the killer bee!
 There is a partly eaten Green-elf corpse here; eat it? [ynq] (n) y
 You resume your meal.
 You finish eating the Green-elf corpse.
 The leocrotta hits!
 The leocrotta bites!
 The leocrotta hits!
 You climb up the stairs.
 The ogre wields a club!
 You hit the lizard!
 You knock the lizard backward with a powerful strike!
 You hit the lizard!
 The lizard bites!
 You hit the lizard!
 You knock the lizard backward with a powerful blow!
 You kill the lizard!
 You see here a lizard corpse.
 You see here a lizard corpse.
 There is a lizard corpse here; eat it? [ynq] (n) y
 This lizard corpse is gamey.
 You finish eating the lizard corpse.
 You feel less concerned about becoming petrified.
 You no longer feel secure from petrification.
 You are carrying too much to get through.
 You already found a monster.  Use 'm' prefix to force another search.
 You hit the ogre.
 The ogre swings his club.
 The ogre hits!
 You hit the ogre!
 You hit the ogre.
 The ogre swings his club.
 The ogre hits!
 You miss the ogre.
 The ogre swings his club.
 The ogre hits!
 You hit the ogre!
 The ogre swings his club.
 The ogre hits!
 You die...
 Do you want your possessions identified? [ynq] (y) y
 Do you want to see your attributes? [ynq] (y) q

Inventory:
 Coins    ('$')
  $ - 125 gold pieces
 Weapons  (')')
  l - 14 +0 darts
  i - a +0 dwarvish mattock
  a - a blessed corroded +1 mace (weapon in right hand)
 Armor    ('[')
  o - a blessed +0 orcish helm (being worn)
  G - a +0 pair of elven boots (being worn)
  c - a blessed +1 small shield (being worn)
  b - a +0 robe (being worn)
  m - a +0 ring mail (being worn)
 Comestibles  ('%')
  e - 2 cloves of garlic
  E - a food ration
  f - a sprig of wolfsbane
  L - a lizard corpse
 Spellbooks  ('+')
  g - a spellbook of detect monsters
  h - a spellbook of detect unseen
  u - a spellbook of force bolt
 Potions  ('!')
  z - a cursed potion of healing
  d - 4 potions of holy water
 Rings    ('=')
  p - a ring of free action (on left hand)
  n - a cursed ring of warning (on right hand)
 Wands    ('/')
  v - a wand of digging (0:4)

DaveT the Priest's attributes:

Background:
 You were an Adept, a level 7 human Priest.
 You were lawful, on a mission for Ptah
 who was opposed by Thoth (neutral) and Anhur (chaotic).
 You were right-handed.
 You were in the Dungeons of Doom, on level 8.
 You entered the dungeon 3920 turns ago.
 It was nighttime.
 There was a full moon in effect when your adventure ended.
 You had 737 experience points, 543 more were needed to attain level 8.

Basics:
 You had 0 out of 67 hit points.
 You had all 85 energy points (spell power).
 Your armor class was 1.
 Your wallet contained 125 zorkmids.
 Autopickup was off.

Final Characteristics:
 Your strength was 13 (limit:18/100).
 Your dexterity was 10 (limit:18).
 Your constitution was 18 (limit:18).
 Your intelligence was 9 (limit:18).
 Your wisdom was 18 (limit:18).
 Your charisma was 11 (limit:18).

Final Status:
 You were satiated.
 You were unencumbered.
 You were wielding a mace.
 You were skilled in mace and could have enhanced that.

Final Attributes:
 You were piously aligned.
 You were telepathic.
 You were warned.
 You were stealthy.
 You were guarded.
 Your spell casting was impaired by metallic armor, mitigated by your robe.
 You had free action.
 You were lucky.
 You are dead.

Miscellaneous:
 You didn't encounter any bones levels.
 Total elapsed playing time was 17 minutes and 25 seconds.

Major events:
 Turn
    1: DaveT the lawful human Priest entered the dungeon
 1224: entered the Gnomish Mines
 1302: attained the rank of Acolyte (level 3)
 3318: attained the rank of Adept (level 6)
 3690: entered Sokoban
 3920: killed by an ogre

Spells:
 Name                 Level Category     Fail Retention
 detect monsters        1   divination    67%  76%-100%
 detect unseen          3   divination   100%  76%-100%
 force bolt             1   attack        67%  76%-100%

Skills:
 Fighting Skills
   bare handed combat [Unskilled]
 Weapon Skills
   club               [Unskilled]
   mace               [Skilled]
   morning star       [Unskilled]
   flail              [Unskilled]
   hammer             [Unskilled]
   quarterstaff       [Unskilled]
   polearms           [Unskilled]
   spear              [Unskilled]
   trident            [Unskilled]
   lance              [Unskilled]
   bow                [Unskilled]
   sling              [Unskilled]
   crossbow           [Unskilled]
   dart               [Unskilled]
   shuriken           [Unskilled]
   boomerang          [Unskilled]
   unicorn horn       [Unskilled]
 Spellcasting Skills
   healing spells     [Unskilled]
   divination spells  [Unskilled]
   clerical spells    [Basic]

Voluntary challenges:
 Character rerolling was not enabled.
 You never genocided any monsters.
 You never polymorphed an object.
 You never changed form.
 You used no wishes.
 You did not violate any of the special Sokoban rules.
Achievements:
 You entered a shop.
 You entered the Gnomish Mines.
 You attained the rank of Acolyte.
 You attained the rank of Adept.
 You entered Sokoban.

 The Dungeons of Doom: levels 1 to 9
    Level 1:
    Level 2:
       A potion shop, a fountain.
    Level 3:
       Stairs down to The Gnomish Mines.
    Level 4:
       A fountain.
    Level 5:
       A grave.
    Level 6:
       A wand shop, an altar to Ptah, a fountain.
    Level 7:
       Many fountains.
    Level 8: <- You were here.
       A fountain.
       Stairs up to Sokoban, level 7.
       Final resting place for
          you, killed by an ogre.
    Level 9:
 The Gnomish Mines:
    Level 4:
 Sokoban:
    Level 7:
       Unsolved.


Vanquished creatures:
  a giant beetle
  a quivering blob
  a baby long worm
  2 gnome rulers
 an ogre
  a Green-elf
  2 lizards
  a dingo
  a dog
  a raven
  a gnome mummy
  2 Woodland-elves
  3 rock moles
  a pony
  a yellow light
  a golden naga hatchling
  a gray ooze
  a straw golem
  a little dog
  a floating eye
  a dwarf
  a homunculus
  a kobold leader
  3 hill orcs
 an orc zombie
  a werejackal
  2 iguanas
  a killer bee
 an acid blob
  2 giant rats
  a cave spider
  a brown mold
  2 yellow molds
  a green mold
  4 garter snakes
  3 geckos
  2 jackals
  a fox
  4 kobolds
  2 goblins
  2 sewer rats
  8 grid bugs
  4 lichens
  2 kobold zombies
  9 newts
85 creatures vanquished.

No species were genocided or became extinct.

Game over:
                       ----------
                      /          \
                     /    REST    \
                    /      IN      \
                   /     PEACE      \
                  /                  \
                  |      DaveT       |
                  |      125 Au      |
                  |   killed by an   |
                  |       ogre       |
                  |                  |
                  |                  |
                  |       2026       |
                 *|     *  *  *      | *
        _________)/\\_//(\/(/\)/\//\/|_)_______

Goodbye DaveT the Priest...

You died in The Dungeons of Doom on dungeon level 8 with 3531 points,
and 125 pieces of gold, after 3920 moves.
You were level 7 with a maximum of 67 hit points when you died.

